AoeStats
← Hector

Nomad

505262511Analyzed
3v3 RM · 24d ago on Sep 8, 2026· 33m 36s· 6 players
Game mode
Random Map
Map size
210×210
Population
200
Speed
Normal
Resources
Standard
Victory
Conquest
Starting age
Dark Age
Ending age
Imperial Age
RankedLock teamsTeams togetherTeam positionsShared explorationLock speedFull tech treeHidden civsTurbo modeCheats
Victory
Defeat
🇲🇽 Mongols · Mexico
1911
+3
🇦🇷 Goths · Argentina
1763
+5
🇯🇵 Georgians · Japan
1688
+7
🇦🇹 Portuguese · Austria
1571
-8
🇦🇹 Malay · Austria
1463
-4
🇯🇵 Italians · Japan
1415
-3
Imfury_
4:52 Loom
12:13 Feudal Age
12:43 Double-Bit Axe
19:20 Castle Age
17:41 Fletching
20:58 Medium Warships
21:17 Bow Saw
20:48 Horse Collar
21:41 Bodkin Arrow
22:47 Town Watch
29:13 Wheelbarrow
28:31 Gold Mining
34:51 Imperial Age
32:14 Stone Mining
33:09 Ballistics
33:22 Padded Archer Armor
33:41 Hand Cart
33:58 Hand Cart
happikon.6139
4:32 Loom
12:40 Feudal Age
16:57 Castle Age
15:00 Gold Mining
14:57 Double-Bit Axe
15:27 Fishing Lines
17:00 Gold Mining
17:57 Medium Warships
19:10 Wheelbarrow
19:06 Bow Saw
19:11 Gillnets
21:34 Fletching
24:45 Horse Collar
25:23 Town Watch
26:29 Stone Mining
33:14 Imperial Age
32:18 Scale Barding Armor
32:56 Stone Shaft Mining
33:37 Chain Barding Armor
33:28 Forging
33:21 Heavy Plow
34:23 Heavy Warships
AceRx
5:05 Loom
13:30 Feudal Age
18:50 Castle Age
18:32 Horse Collar
19:37 Scale Mail Armor
19:37 Double-Bit Axe
24:53 Fishing Lines
24:58 Fishing Lines
33:39 Bow Saw
33:45 Bow Saw
DeadlyEfficiency
4:34 Loom
12:45 Feudal Age
19:43 Double-Bit Axe
20:23 Forging
23:23 Castle Age
21:36 Horse Collar
23:51 Fletching
ggmax
4:49 Loom
12:34 Feudal Age
13:31 Double-Bit Axe
15:19 Fletching
15:30 Padded Archer Armor
16:10 Wheelbarrow
15:54 Fishing Lines
21:55 Castle Age
23:18 Medium Warships
23:46 Bow Saw
23:36 Bodkin Arrow
23:57 Leather Archer Armor
24:21 Gillnets
30:28 Ballistics
Hector
8:00 Loom
15:57 Feudal Age
18:48 Castle Age
19:18 Double-Bit Axe
22:09 Horse Collar
21:59 Man-at-Arms
27:37 Squires
28:49 Fletching
29:10 Long Swordsman
32:32 Forging
34:09 Iron Casting
33:55 Bow Saw
Connection lost

Rejoining the realm…

Still unreachable

The connection could not be restored.

Session expired

The server has moved on; the page needs a fresh start.